 Dungeon Crawl Stone Soup version 0.28.0-45-g0d030f2227 (webtiles) character file.

Game seed: 17832036858604960859

303 Andrea the Slasher (level 6, -3/48 HPs)
             Began as a Human Fighter on Apr 7, 2022.
             Slain by Menkaure (17 damage)
             ... on level 3 of the Dungeon.
             The game lasted 00:06:27 (4508 turns).

Andrea the Slasher (Human Fighter)                  Turns: 4508, Time: 00:06:27

Health: -3/48      AC:  8    Str: 18    XL:     6   Next: 66%
Magic:  6/6        EV: 13    Int:  8    God:
Gold:   99         SH:  5    Dex: 13    Spells: 5/5 levels left

rFire   . . .      SeeInvis .   a - +0 long sword
rCold   . . .      Faith    .   c - +0 buckler
rNeg    . . .      Spirit   .   b - +0 scale mail
rPois   .          Reflect  .   (no helmet)
rElec   .          Harm     .   (no cloak)
rCorr   .          Rampage  .   l - +0 pair of gloves
Will    .....                   (no boots)
Stlth   ..........              (no amulet)
HPRegen 0.16/turn               e - +4 ring of evasion
MPRegen 0.10/turn               (no ring)

@: no status effects
A: no striking features
a: no special abilities


You were on level 3 of the Dungeon.
You visited 1 branch of the dungeon, and saw 4 of its levels.

You collected 99 gold pieces.

Inventory:

Hand Weapons
 a - a +0 long sword (weapon)
Missiles
 g - 9 poisoned darts (quivered)
Armour
 b - a +0 scale mail (worn)
 c - a +0 buckler (worn)
 l - a +0 pair of gloves (worn)
Jewellery
 e - a +4 ring of evasion (left hand)
 n - an amulet of guardian spirit
Wands
 j - a wand of polymorph (11)
 k - a wand of paralysis (7)
Scrolls
 h - a scroll of fear
 i - a scroll of identify {unknown}
 o - a scroll of teleportation {unknown}
Potions
 d - a potion of might
 f - a potion of degeneration {unknown}
 m - a potion of magic {unknown}


   Skills:
 + Level 4.0 Fighting
 * Level 4.3 Long Blades
 + Level 4.0 Armour
 + Level 4.1 Shields


You had 5 spell levels left.
You didn't know any spells.
Your spell library contained the following spells:

 Spells                   Type           Power      Damage    Failure   Level
 Ensorcelled Hibernation  Hex/Ice        0%         N/A       95%         2
 Spider Form              Tmut/Pois      0%         N/A       99%         3
 Anguish                  Hex/Necr       0%         N/A       100%        4


Dungeon Overview and Level Annotations

Branches:
Dungeon (4/15)
 Temple: D:4-7

Altars:
Sif Muna

Annotations:
D:3 Menkaure
D:4 Grinder


Message History

You hit the jackal.
You kill the jackal!
An orc priest comes into view. It is wielding a +0 dagger.
The orc priest shouts!
You hear a shout!
There is a stone staircase leading up here.
You climb upwards.
There is a stone staircase leading down, spattered with blood here.
You see here a +3 war axe.
HP restored.
Things that are here:
a +0 robe; a +0 dagger
There is an open door here.
Things that are here:
a +0 ring mail; a +1 whip of venom
There is a stone staircase leading down here.
You climb downwards.
You hear the hiss of flowing sand.
There is an entrance to an ossuary on this level.
Hurry and find it before the portal is buried!
Level annotation: Grinder You hear the rapid hiss of a very distant avalanche of sand.
Menkaure shouts!
The orc shouts! x2; You hear a shout!
You hear an angry hiss.
The orc zaps a wand.
Your mind is blasted!
An adder comes into view.
An orc wizard comes into view. It is wielding a +0 dagger.
The orc zaps a wand.
Your mind is blasted!
There is a stone staircase leading up, spattered with blood here.
Menkaure hits you.
The orc zaps a wand.
You barely resist. The orc closely misses you.
You climb upwards.
There is a stone staircase leading down here.
You barely miss the orc. Menkaure hits you!
* * * LOW HITPOINT WARNING * * *
The orc barely misses you.
You hit the orc but do no damage.
Menkaure giggles, "These cerements are ticklish..."
Menkaure closely misses you. The orc barely misses you.
You slash the orc!
You kill the orc!
Menkaure hits you!
You die...

# ########### # #.........#
# ####.........#####
#@Mo.........'....
#)##.........#####
########.##....<....# #
###........##.........#####
#.+........########.......[
#)#........................
#........#....#####'#######
#.######.............#
######...............#


You could see Menkaure and an orc.

Vanquished Creatures
  A water moccasin zombie (D:3)
  Ijyb (D:3)
  2 orc wizards (D:3)
  A killer bee zombie (D:3)
  3 gnolls
  5 adders
  A worm (D:2)
  A dart slug (D:2)
  7 orcs
  5 ball pythons
  3 endoplasms
  11 goblins
  5 hobgoblins
  4 jackals
  3 quokkas
  4 bats
  5 frilled lizards
  6 kobolds
  8 rats
76 creatures vanquished.

Vanquished Creatures (others)
  A plant (D:3)
1 creature vanquished.

Grand Total: 77 creatures vanquished

Notes
Turn   | Place    | Note
-------+----------+-------------------------------------------
     0 | D:1      | Andrea the Human Fighter began the quest for the Orb.
     0 | D:1      | Reached XP level 1. HP: 18/18 MP: 1/1
   250 | D:1      | Reached XP level 2. HP: 24/24 MP: 2/2
  1109 | D:2      | Reached XP level 3. HP: 29/29 MP: 3/3
  1793 | D:2      | Reached XP level 4. HP: 35/35 MP: 4/4
  2003 | D:3      | Found a shimmering blue altar of Sif Muna.
  2685 | D:3      | Reached XP level 5. HP: 31/41 MP: 5/5
  3366 | D:3      | Noticed Ijyb
  3427 | D:3      | Reached XP level 6. HP: 48/48 MP: 6/6
  3453 | D:3      | Killed Ijyb
  4426 | D:4      | Noticed Grinder
  4427 | D:4      | Paralysed by Grinder for 2 turns
  4503 | D:4      | Noticed Menkaure
  4508 | D:3      | Slain by Menkaure

Illustrated notes

Levels and vault maps discovered:
D:1:      heliophobic_arrival_ceremonial_halls, layout_basic,
          nicolae_concentric_dashed_squares_mild
D:2:      layout_basic, serial_park_tiny_2
D:3:      kennysheep_goblin_castle, layout_basic,
          nicolae_overflow_crystal_walls, serial_bayou_ford_a,
          nrook_loot_triangle
D:4:      layout_cave_pools, nicolae_tso_besieged_by_evil, vehumet_statue,
          nicolae_ossuary_entry_ruins, uniq_menkaure, uniq_crazy_yiuf_cottage,
          uniq_grinder

Skill      XL: |  1  2  3  4  5  6 |
---------------+-------------------+-----
Long Blades    | 3 4 |  4.3
Shields        | 4 |  4.1
Fighting       | 4 |  4.0
Armour         | 4 |  4.0

Action                   |  1- 3 |  4- 6 || total
-------------------------+-------+-------++-------
Melee: Long sword        |    85 |   186 ||   271
  Use: Scroll            |     1 |     4 ||     5
Armor: Scale mail        |    32 |    54 ||    86
Dodge: Dodged            |    44 |   122 ||   166
Block: Buckler           |    22 |    46 ||    68
